 Dungeon Crawl Stone Soup version 0.30.0-12-gd5a94ecb5d (webtiles) character file.

Game seed: 17973613358639584934

433 Erymatos the Chopper (level 6, 0/57 HPs)
             Began as a Minotaur Berserker on May 17, 2023.
             Was a Priest of Trog.
             Slain by Eustachio
             ... wielding a +0 rapier
              (7 damage)
             ... on level 4 of the Dungeon.
             The game lasted 00:03:15 (2928 turns).

Erymatos the Chopper (Minotaur Berserker)           Turns: 2928, Time: 00:03:15

Health: 0/57       AC:  5    Str: 24    XL:     6   Next: 67%
Magic:  5/5        EV: 11    Int:  4    God:    Trog [***...]
Gold:   249        SH:  3    Dex:  9    Spells: 5/5 levels left

rFire   . . .        a - +0 hand axe
rCold   . . .        r - +0 buckler
rNeg    . . .        i - +0 ring mail
rPois   .            (helmet restricted)
rElec   .            (no cloak)
rCorr   .            (no gloves)
SInv    .            (no boots)
Will    .....        (no amulet)
Stlth   +            (no ring)
HPRegen 0.29/turn    (no ring)
MPRegen 0.09/turn

%: no passive effects
@: on berserk cooldown, slowed, very slow
A: horns 2, retaliatory headbutt
a: Renounce Religion, Berserk, Trog's Hand


You were on level 4 of the Dungeon.
You worshipped Trog.
Trog was most pleased with you.
You visited 1 branch of the dungeon, and saw 4 of its levels.

You collected 249 gold pieces.

Inventory:

Hand Weapons
 a - a +0 hand axe (weapon)
Armour
 b - a +0 animal skin
 i - a +0 ring mail (worn)
 r - a +0 buckler (worn)
Wands
 m - a wand of flame (25)
 x - a wand of paralysis (5)
Scrolls
 d - 2 scrolls of teleportation {unknown}
 g - a scroll of vulnerability {unknown}
 h - a scroll of magic mapping {unknown}
 l - a scroll of fog {unknown}
 n - 2 scrolls of identify {unknown}
 p - a scroll of brand weapon {unknown}
 q - a scroll of poison {unknown}
 s - a scroll of noise {unknown}
 t - a scroll of silence {unknown}
 w - a scroll of enchant weapon {unknown}
Potions
 c - 2 potions of attraction {unknown}
 e - a potion of heal wounds {unknown}
 f - 4 potions of might {unknown}
 j - a potion of ambrosia {unknown}
 k - a potion of berserk rage {unknown}
 o - a potion of lignification {unknown}
 u - a potion of flight {unknown}
 v - a potion of brilliance {unknown}


   Skills:
 + Level 5.9 Fighting
 + Level 6.1 Axes
 + Level 4.3 Armour
 + Level 3.2 Dodging
 + Level 0.7 Stealth


You had 5 spell levels left.
You didn't know any spells.
Your spell library was empty.

Dungeon Overview and Level Annotations

Branches:
Dungeon (4/15)             Temple (0/1) D:4

Altars:

Annotations:
D:4 Eustachio


Innate Abilities, Weirdness & Mutations

You have a pair of horns on your head.
You reflexively headbutt those who attack you in melee.


Message History

The adder completely misses you. The adder barely misses you.
Things that are here:
a +0 whip; a kobold corpse Unknown command.
You hit the iron imp but do no damage.
The iron imp is heavily wounded.
You closely miss the adder. You hit the iron imp. The adder barely misses you.
You furiously retaliate!
You headbutt the adder.
Eustachio gestures wildly while chanting.
The iron imp hits you. The iron imp closely misses you.
The adder bites you but does no damage. The iron imp closely misses you.
The iron imp hits you.
You hit the iron imp.
The iron imp is heavily wounded.
You hit the adder. You closely miss the iron imp. The adder barely misses you.
The adder closely misses you.
The iron imp hits you but does no damage.
You block the iron imp's attack.
Unknown command.
You miss Eustachio.
Eustachio is almost dead.
You hit the iron imp. You hit the adder but do no damage.
You hit the iron imp but do no damage. You block the adder's attack.
Eustachio hits you with a +0 rapier.
* * * LOW HITPOINT WARNING * * *
A quokka comes into view.
The iron imp barely misses you.
The iron imp hits you but does no damage.
The adder closely misses you. Eustachio hits you with a +0 rapier!
* * * LOW HITPOINT WARNING * * *
You barely miss Eustachio. Your headbutt misses Eustachio.
Eustachio is almost dead.
You slash the adder! You hit the iron imp. x2
You kill the iron imp!
The iron imp disappears in a puff of smoke!
The adder barely misses you. You furiously retaliate!
You headbutt the adder!
You kill the adder!
Trog accepts your kill. Eustachio hits you with a +0 rapier!
You die...

............##########
.......................
........................
........................
......................r.
+#########+#...........
.. #..........
....#.#.#)#.#.#.#
#...?§@@r..[..
....#.#†#5#.#.#.#
...............
.....#.#.#.#.#.#
.......####### # #######


You could see Eustachio, an iron imp (summoned), a river rat (summoned) and a
quokka.

Vanquished Creatures
  Sigmund (D:4)
  A hound (D:4)
  2 iguanas (D:4)
  Terence (D:3)
  An orc wizard (D:4)
  4 adders
  3 gnolls (D:4)
  An ufetubus (D:4)
  A worm (D:3)
  A dart slug (D:2)
  8 orcs (D:4)
  3 bats
  6 endoplasms
  4 giant cockroaches
  3 goblins
  6 hobgoblins
  4 jackals (D:1)
  6 kobolds
  8 quokkas
  8 ball pythons
  A frilled lizard (D:2)
  4 rats
77 creatures vanquished.

Notes
Turn   | Place    | Note
-------+----------+-------------------------------------------
     0 | D:1      | Erymatos the Minotaur Berserker began the quest for the
                  | Orb.
     0 | D:1      | Reached XP level 1. HP: 19/19 MP: 0/0
   223 | D:1      | Reached XP level 2. HP: 27/27 MP: 1/1
   233 | D:1      | Reached skill level 4 in Axes
   749 | D:2      | Reached XP level 3. HP: 33/33 MP: 2/2
  1152 | D:2      | Reached ** piety under Trog
  1594 | D:3      | Reached XP level 4. HP: 41/41 MP: 3/3
  1697 | D:3      | Noticed Terence
  1708 | D:3      | Killed Terence
  1709 | D:3      | Reached skill level 5 in Axes
  2172 | D:4      | Identified the +7 morningstar "Pasonuin" {heavy, Str+2}
  2182 | D:4      | Reached XP level 5. HP: 27/47 MP: 4/4
  2527 | D:4      | Found a staircase to the Ecumenical Temple.
  2634 | D:4      | HP: 3/70 [iguana (13)]
  2636 | D:4      | Reached skill level 5 in Fighting
  2899 | D:4      | Noticed Sigmund
  2901 | D:4      | Noticed Eustachio
  2907 | D:4      | Killed Sigmund
  2908 | D:4      | Reached skill level 6 in Axes
  2908 | D:4      | Reached XP level 6. HP: 56/56 MP: 5/5
  2921 | D:4      | Reached *** piety under Trog
  2928 | D:4      | Slain by Eustachio

Illustrated notes

Levels and vault maps discovered:
D:1:      dpeg_arrival_tiny_i, layout_loops_cross
D:2:      layout_loops_ring, minmay_bisected
D:3:      layout_loops_cross, uniq_terence
D:4:      layout_gridville, minmay_temple_entry_drinking_statues,
          minmay_misc_feat_doors, st_stairs_13, uniq_eustachio, uniq_sigmund

Skill      XL: |  1  2  3  4  5 |
---------------+----------------+-----
Fighting       | 4 5 |  5.9
Axes           | 4 5 6 |  6.1
Armour         | 3 4 |  4.3
Dodging        | 3 |  3.2
Stealth        | |  0.7

Action                     |  1- 3 |  4- 6 || total
---------------------------+-------+-------++-------
  Melee: Hand axe          |    92 |    90 ||   182
         Headbutt          |    11 |    12 ||    23
 Invoke: Berserk           |       |     3 ||     3
 Armour: Animal skin       |     9 |       ||     9
         Ring mail         |    17 |    23 ||    40
  Dodge: Dodged            |    66 |    53 ||   119
  Block: Buckler           |       |     4 ||     4
